cohdb
Replays
Latest Replays
All Replays
Popular Replays
Top Player Replays
Match Explorer
How It Works
Community
CoH3 Stats
Reddit
Sign in to upload your games and track your stats! →
Sign in with Steam
Match 41794876
Unlisted
Match 41794876
Overview
Messages
Build Orders
End
Kradschützen Motorcycle Team
Panzerpioneer Squad
Panzerpioneer Squad
Panzerpioneer Squad
250 Light Carrier
Kradschützen Motorcycle Team
Construct Light Support Kompanie
MG34 Team
Panzerjäger Mechanized Group
Combat Half-tracks
Construct Mechanized Kompanie
Selects Armored Support Battlegroup
Selects Salvage Kits
Selects Veteran Gunners
Panzerpioneer Squad
Marder III Tank Destroyer
Selects Flammpanzer III Medium Tank
Panzerpioneer Squad
Marder III Tank Destroyer
Selects Command Panzer IV F Medium Tank
8 Rad Armored Car
Vehicle Survival Package
(502) Bad Gateway
calinandreiion
0
0
Comments
sign in to comment!
No comments posted yet!